AoeStats
← jmr99

Arabia

510727805Analyzed
1v1 RM · 14h ago on Oct 2, 2026· 55m 21s· 2 players
Game mode
Random Map
Map size
Tiny (2 player)
Population
200
Speed
Normal
Resources
Standard
Victory
Conquest
Starting age
Dark Age
Ending age
Imperial Age
RankedLock teamsTeams togetherTeam positionsShared explorationLock speedFull tech treeHidden civsTurbo modeCheats
Victory
Defeat
🇬🇧 Ethiopians · United Kingdom
958
+16
🇨🇱 Spanish · Chile
951
-16
Wiselessons
9:24 Feudal Age
9:24 Loom
9:52 Double-Bit Axe
22:36 Castle Age
24:26 Fletching
27:46 Bodkin Arrow
35:39 Scale Barding Armor
36:36 Bloodlines
37:29 Husbandry
42:20 Imperial Age
39:39 Horse Collar
40:38 Sanctity
41:21 Town Watch
42:35 Forging
42:48 Heavy Plow
jmr99
7:00 Loom
9:48 Feudal Age
10:47 Double-Bit Axe
15:17 Fletching
16:34 Wheelbarrow
17:04 Padded Archer Armor
17:14 Forging
21:49 Castle Age
23:05 Bow Saw
22:36 Horse Collar
22:20 Crossbowman
23:03 Bodkin Arrow
23:07 Crossbowman
27:18 Scale Barding Armor
29:08 Iron Casting
28:52 Leather Archer Armor
32:19 Town Watch
33:58 Elite Skirmisher
36:13 Gold Mining
37:26 Ballistics
37:16 Masonry
40:44 Imperial Age
41:39 Arbalester
41:57 Light Cavalry
42:47 Thumb Ring
42:44 Bracer
43:15 Ring Archer Armor
44:02 Chemistry
46:23 Siege Engineers
46:48 Architecture
48:29 Onager
51:25 Light Cavalry
51:54 Siege Onager
Connection lost

Rejoining the realm…

Still unreachable

The connection could not be restored.

Session expired

The server has moved on; the page needs a fresh start.